 Dungeon Crawl Stone Soup version 0.21.1-1-g345015f (webtiles) character file.

24136 troglodite the Protected (level 12, -7/89 HPs)
             Began as a Demonspawn Berserker on Mar 19, 2018.
             Was a High Priest of Trog.
             Mangled by a komodo dragon (21 damage)
             ... on level 1 of the Lair of Beasts.
             The game lasted 00:52:45 (15219 turns).

troglodite the Protected (Demonspawn Berserker)    Turns: 15219, Time: 00:52:46

Health: -7/89      AC: 20    Str: 19    XL:     12   Next: 78%
Magic:  12/12      EV:  9    Int: 13    God:    Trog [*****.]
Gold:   736        SH: 10    Dex: 17    Spells: 11/11 levels left

rFire    . . .     SeeInvis .   K - +2 falchion (flame)
rCold    + . .     Gourm    .   j - +0 shield
rNeg     + . .     Faith    .   L - +0 plate armour of Dice, Bag, and Bottle {rN+ MR+ Int+5}
rPois    +         Spirit   .   y - +2 hat {MR+}
rElec    .         Reflect  .   (no cloak)
rCorr    .         Harm     .   (no gloves)
MR       ++++.                  s - +2 pair of boots
Stlth    ..........             (no amulet)
HPRegen  1.24/turn              i - ring of poison resistance
MPRegen  0.13/turn              A - ring of protection from cold

@: very slightly contaminated, regenerating
A: claws 1, frail 1, powered by death 1, spiny 2, sturdy frame 1
a: Berserk, Trog's Hand, Brothers in Arms, Burn Spellbooks, Renounce Religion


You were on level 1 of the Lair of Beasts.
You worshipped Trog.
Trog was extremely pleased with you.
You were not hungry.

You visited 3 branches of the dungeon, and saw 13 of its levels.
You also visited: Sewer and Ossuary.

You collected 1688 gold pieces.
You spent 952 gold pieces at shops.

Inventory:

Hand Weapons
 D - a +3 triple sword of flaming
 F - the +5 great sword "Reme" {speed, *Drain rC+ Int+4}
   (Trog gifted it to you on level 10 of the Dungeon)

   Attacks with this weapon are significantly faster.
   It affects your intelligence (+4).
   It protects you from cold.
   It causes draining when unequipped.
 I - a +4 long sword of electrocution
 K - a +2 falchion of flaming (weapon)
Armour
 j - a +0 shield (worn)
 l - a +2 buckler
 r - a +2 chain mail of magic resistance
 s - a +2 pair of boots (worn)
 y - a +2 hat of magic resistance (worn)
 L - the +0 plate armour of Dice, Bag, and Bottle (worn) {rN+ MR+ Int+5}
   (You bought it in a shop on level 2 of the Orcish Mines)

   It affects your intelligence (+5).
   It protects you from negative energy.
   It affects your resistance to hostile enchantments.
Jewellery
 b - an uncursed ring of stealth
 i - a ring of poison resistance (left claw)
 z - a +3 ring of intelligence
 A - a ring of protection from cold (right claw)
 G - an uncursed ring of protection from cold
Wands
 m - a wand of disintegration (9)
 n - a wand of acid (6)
 u - a wand of iceblast (6)
 w - a wand of paralysis (11)
 H - a wand of enslavement (35)
Scrolls
 e - 10 scrolls of teleportation
 f - a scroll of enchant weapon
 h - 4 scrolls of remove curse
 k - a scroll of fear
Potions
 d - 8 potions of curing
 g - 3 potions of might
 o - 2 potions of magic
 q - 2 potions of ambrosia
 t - a potion of resistance {unknown}
 v - 3 potions of mutation
 x - 4 potions of agility {unknown}
 B - 2 potions of flight
 C - 4 potions of brilliance
 E - 2 potions of lignification {unknown}
Comestibles
 c - 20 rations


   Skills:
 * Level 10.7 Fighting
 + Level 10.5 Long Blades
 * Level 11.2 Armour
 * Level 7.5 Dodging
 + Level 1.1 Stealth
 * Level 5.5 Shields


You had 11 spell levels left.
You didn't know any spells.

Dungeon Overview and Level Annotations

Branches:
Dungeon (10/15)            Temple (0/1) D:4            Lair (1/6) D:8
    Orc (2/2) D:9             Elf (0/3) Orc:2

Altars:
Ashenzari
Elyvilon
Okawaru
Qazlal
Ru
Trog
Beogh

Shops:
Orc:2 :}[[[

Portals:
Trove: D:10 (give +4 fire dragon scales)


Innate Abilities, Weirdness & Mutations

You have sharp fingernails.
You regenerate a little health from kills.
You are mostly covered in sharp spines.
Your movements are slightly less encumbered by armour. (ER -2)
You are frail. (-10% HP)


Message History

You hit the komodo dragon but do no damage.
The komodo dragon is heavily wounded.
You block the komodo dragon's attack.
You hit the komodo dragon but do no damage.
The komodo dragon is heavily wounded.
The komodo dragon bites you!!
* * * LOW HITPOINT WARNING * * *
You hit the komodo dragon. You burn the komodo dragon.
The komodo dragon is severely wounded.
You block the komodo dragon's attack.
Blink to where?
Press: ? - help, Dir - move target cursor You are very lightly contaminated with residual magic.
As you read the scroll of blinking, it crumbles to dust.
Your skin crawls.
You feel resistant to hostile enchantments.
You feel somewhat more hungry.
The komodo dragon is struck by your spines.
The komodo dragon bites you!!
You die...

#............
#..§...#+.#.#+##
#..............#
##....#.........#.
#P....#...........
##.##..†.#.........#.
.........#...(.......
#######.....>......#.
#...l@.........
####..####.#####..
####.................
..........<..........
.....................
###..P#.##########...
##.#### .. #. . #.


You could see a komodo dragon.

Vanquished Creatures
  Gastronok (D:8)
  A hydra (Lair:1)
  A vault guard (D:10)
  3 two-headed ogres
  An ogre mage (D:10)
  2 orc high priests (Orc:2)
  4 orc knights
  5 orc sorcerers
  2 manticores (D:10)
  A komodo dragon (D:8)
  Prince Ribbit (D:9)
  2 trolls (Orc:1)
  3 hippogriffs
  6 slime creatures (D:10)
  A spriggan (D:8)
  9 yaks (D:9)
  3 wargs (Orc:1)
  2 steam dragons (D:7)
  An acid dragon (D:10)
  17 orc warriors
  4 sky beasts
  2 black bears (D:6)
  2 ice beasts
  9 centaurs
  6 ogres
  Blork the orc (D:5)
  2 big kobolds
  3 bullfrogs
  3 scorpions
  18 killer bees
  10 wights
  3 howler monkeys
  3 crimson imps
  3 centaur zombies
  A human zombie (Ossuary)
  23 orc wizards
  7 hounds
  2 jellies
  16 orc priests
  A bullfrog skeleton (D:10)
  2 iguanas
  8 worker ants
  3 big kobold zombies (Ossuary)
  2 hound zombies
  2 mummies (Ossuary)
  11 adders
  2 river rats
  2 oozes
  3 adder zombies
  An adder skeleton (D:7)
  4 worms
  4 dart slugs
  4 leopard geckos
  51 orcs
  2 ball pythons (D:6)
  10 bats
  3 giant cockroaches
  2 gnoll zombies (Ossuary)
  7 hobgoblins
  4 jackals
  26 kobolds
  3 quokkas
  9 frilled lizards
  2 goblins
  3 hobgoblin zombies (Ossuary)
  A jackal skeleton (D:6)
  A leopard gecko skeleton (D:6)
  4 orc zombies (Ossuary)
  2 quokka zombies
  8 rats
  A plant (D:8)
372 creatures vanquished.

Vanquished Creatures (collateral kills)
  An orc high priest (Orc:2)
  An orc sorcerer (Orc:2)
  An orc knight (Orc:2)
  An orc warrior (Orc:2)
4 creatures vanquished.

Vanquished Creatures (others)
  An orc priest (Orc:2)
  An orc (Orc:1)
2 creatures vanquished.

Grand Total: 378 creatures vanquished

Notes
Turn   | Place    | Note
-------+----------+-------------------------------------------
     0 | D:1      | troglodite the Demonspawn Berserker began the quest for the Orb.
     0 | D:1      | Reached XP level 1. HP: 18/18 MP: 1/1
   150 | D:1      | Gained mutation: You have sharp fingernails. [demonic ancestry]
   150 | D:1      | Reached XP level 2. HP: 8/24 MP: 2/2
  1036 | D:1      | Gained mutation: You regenerate a little health from kills. [demonic ancestry]
  1036 | D:1      | Reached XP level 3. HP: 29/30 MP: 3/3
  1371 | D:2      | Reached skill level 2 in Armour
  1374 | D:2      | Reached ** piety under Trog
  2331 | D:2      | Gained mutation: Your movements are slightly less encumbered by armour. (ER -2) [demonic ancestry]
  2331 | D:2      | Reached XP level 4. HP: 37/37 MP: 4/4
  3505 | D:3      | Gained mutation: You are partially covered in sharp spines. [demonic ancestry]
  3505 | D:3      | Reached XP level 5. HP: 42/42 MP: 5/5
  4369 | D:4      | Found a shattered altar of Ashenzari.
  4626 | D:4      | Found a bloodstained altar of Trog.
  4802 | D:4      | Found a staircase to the Ecumenical Temple.
  4959 | D:5      | Entered Level 5 of the Dungeon
  4959 | D:5      | Noticed Blork the orc
  4966 | D:5      | Reached skill level 3 in Armour
  4971 | D:5      | Gained mutation: You are mostly covered in sharp spines. [demonic ancestry]
  4971 | D:5      | Reached XP level 6. HP: 50/50 MP: 6/6
  4975 | D:5      | Killed Blork the orc
  4975 | D:5      | Reached skill level 5 in Fighting
  5145 | D:5      | Found a white marble altar of Elyvilon.
  5408 | D:5      | Reached XP level 7. HP: 43/56 MP: 7/7
  5438 | D:5      | Reached skill level 4 in Armour
  5822 | D:6      | Reached *** piety under Trog
  5907 | D:6      | Found a glowing drain.
  5922 | D:6      | Reached skill level 5 in Armour
  5962 | Sewer    | Entered a sewer
  6027 | Sewer    | Reached skill level 5 in Long Blades
  6027 | Sewer    | Reached XP level 8. HP: 64/64 MP: 8/8
  6098 | Sewer    | Found a glowing silver altar of Zin.
  6324 | D:6      | Found an iron altar of Okawaru.
  6582 | D:7      | Received a gift from Trog
  6590 | D:7      | Reached skill level 6 in Armour
  6826 | D:7      | Reached XP level 9. HP: 61/71 MP: 9/9
  7258 | D:7      | Reached skill level 7 in Armour
  7558 | D:8      | Noticed a two-headed ogre
  7567 | D:8      | Killed a two-headed ogre
  7567 | D:8      | Reached skill level 5 in Dodging
  7571 | D:8      | Reached **** piety under Trog
  7617 | D:8      | Found a sand-covered staircase.
  7735 | Ossuary  | Entered an ossuary
  7793 | Ossuary  | Reached skill level 8 in Armour
  8055 | D:8      | Reached XP level 10. HP: 73/80 MP: 10/10
  8087 | D:8      | Noticed Gastronok
  8089 | D:8      | Found a staircase to the Lair.
  8103 | D:8      | Killed Gastronok
  8216 | D:8      | Reached skill level 9 in Armour
  8381 | D:8      | Found a sacrificial altar of Ru.
  8381 | D:8      | Found a stormy altar of Qazlal.
  8616 | D:9      | Noticed Prince Ribbit
  8622 | D:9      | Killed Prince Ribbit
  8695 | D:9      | Noticed a two-headed ogre
  8701 | D:9      | Killed a two-headed ogre
  8701 | D:9      | Reached skill level 1 in Shields
  9228 | D:9      | Found a staircase to the Orcish Mines.
  9242 | D:9      | Reached XP level 11. HP: 50/89 MP: 11/11
  9445 | D:9      | Reached ***** piety under Trog
  9512 | D:9      | Found an iron altar of Okawaru.
  9796 | D:9      | Found a roughly hewn altar of Beogh.
  9893 | D:10     | Entered Level 10 of the Dungeon
 10067 | D:10     | Reached skill level 10 in Armour
 10353 | D:10     | Noticed an ogre mage
 10395 | D:10     | Received a gift from Trog
 10406 | D:10     | Got a crystal great sword {god gift}
 10412 | D:10     | Identified the +5 great sword "Reme" {speed, *Drain rC+ Int+4} (Trog gifted it to you on level 10 of the Dungeon)
 10447 | D:10     | Killed an ogre mage
 10755 | D:10     | Noticed a vault guard
 10769 | D:10     | Killed a vault guard
 10803 | D:10     | Found a portal to a secret trove of treasure.
 10852 | Orc:1    | Entered Level 1 of the Orcish Mines
 10852 | Orc:1    | Noticed an orc sorcerer
 11032 | Orc:1    | Killed an orc sorcerer
 11177 | Orc:1    | Noticed an orc sorcerer
 11192 | Orc:1    | Killed an orc sorcerer
 11192 | Orc:1    | Reached skill level 10 in Fighting
 11192 | Orc:1    | Reached XP level 12. HP: 97/97 MP: 12/12
 11502 | Orc:2    | Entered Level 2 of the Orcish Mines
 12076 | Orc:1    | Reached skill level 10 in Long Blades
 12606 | Orc:2    | Received a gift from Trog
 12633 | Orc:2    | Found a staircase to the Elven Halls.
 12637 | Orc:2    | Found Ifobbuim's Antique Armour Emporium.
 12665 | Orc:2    | Noticed a two-headed ogre
 12673 | Orc:2    | Killed a two-headed ogre
 13116 | Orc:2    | Found Laobb's Armour Boutique.
 13117 | Orc:2    | Noticed an orc high priest
 13466 | Orc:2    | Killed an orc high priest
 13865 | Orc:2    | Noticed an orc high priest
 14161 | Orc:2    | Reached skill level 5 in Shields
 14169 | Orc:2    | Killed an orc high priest
 14468 | Orc:2    | Noticed an orc high priest
 14485 | Orc:2    | Gained mutation: You are frail. (-10% HP) [a neqoxec]
 14706 | Orc:2    | Reached skill level 11 in Armour
 14714 | Orc:2    | Killed an orc high priest
 14714 | Orc:2    | Reached skill level 1 in Stealth
 14972 | Orc:2    | Found Ofeb's Gadget Emporium.
 14976 | Orc:2    | Found Esoawuf's Book Emporium.
 14985 | Orc:2    | Found Gewurupn's Armour Boutique.
 15042 | Orc:2    | Bought a distressingly furry plate armour for 952 gold pieces
 15052 | Orc:2    | Identified the +0 plate armour of Dice, Bag, and Bottle {rN+ MR+ Int+5} (You bought it in a shop on level 2 of the Orcish Mines)
 15171 | Lair:1   | Entered Level 1 of the Lair of Beasts
 15180 | Lair:1   | Noticed a seven-headed hydra
 15194 | Lair:1   | Killed a one-headed hydra
 15219 | Lair:1   | Mangled by a komodo dragon

Skill      XL: |  1  2  3  4  5  6  7  8  9 10 11 12 |
---------------+-------------------------------------+-----
Dodging        | 2 3 4 5 6 7 |  7.5
Armour         | 2 3 5 6 8 9 10 11 | 11.2
Fighting       | 4 5 6 8 9 10 | 10.7
Long Blades    | 3 4 5 6 7 8 9 10 | 10.5
Shields        | 1 4 5 |  5.5
Stealth        | 1 |  1.1

Action                   |  1- 3 |  4- 6 |  7- 9 | 10-12 || total
-------------------------+-------+-------+-------+-------++-------
Melee: Falchion          |   152 |   152 |   103 |    12 ||   419
       Long sword        |       |       |    87 |   363 ||   450
       Great sword       |       |       |       |   103 ||   103
       Scimitar          |       |       |       |    34 ||    34
Invok: Berserk           |     3 |     2 |     5 |    12 ||    22
       Burn Spellbooks   |       |       |     2 |     1 ||     3
       Brothers in Arms  |       |       |       |     2 ||     2
       Trog's Hand       |       |       |       |     1 ||     1
  Use: Scroll            |       |     2 |    17 |     7 ||    26
 Stab: Distracted        |       |       |       |     1 ||     1
  Eat: Chunk             |     6 |     9 |    13 |    17 ||    45
       Ration            |       |     1 |       |     7 ||     8
Armor: Animal skin       |    18 |       |       |       ||    18
       Chain mail        |    66 |    83 |   134 |   210 ||   493
       Plate armour      |       |       |       |    11 ||    11
Dodge: Dodged            |    80 |    78 |   148 |   169 ||   475
Block: Shield            |       |       |       |   193 ||   193
       Rpst.: Falchion   |    36 |    28 |    19 |     1 ||    84
       Long sword        |       |       |    22 |    30 ||    52
       Great sword       |       |       |       |    10 ||    10
       Scimitar          |       |       |       |     4 ||     4
